 Dungeon Crawl Stone Soup version 0.17-a0-1945-gfe993df (webtiles) character file.

2383243 Kuldar the Conqueror (level 27, 253/253 HPs)
             Began as a Hill Orc Fighter on Sept 30, 2015.
             Was the Champion of Ashenzari.
             Escaped with the Orb
             ... and 4 runes on Oct 1, 2015!
             The game lasted 07:57:55 (70717 turns).

Kuldar the Conqueror (Hill Orc Fighter)            Turns: 70717, Time: 07:57:55

Health: 253/253    AC: 47    Str: 33    XL:     27
Magic:  34/34      EV: 12    Int: 12    God:    Ashenzari [******]
Gold:   2756       SH: 24    Dex:  9    Spells: 3 memorised, 41 levels left

rFire  + + +     SeeInvis +     X - +14 obsidian axe {chop, +Fly Str+3 SInv *Curse} (curse)
rCold  + + .     Clarity  +     y - +9 armour of the Dragon King {rPois rF+ rC+ MR+} (curse)
rNeg   . . .     SustAt   .     c - +2 shield (curse)
rPois  +         Gourm    .     (helmet restricted)
rElec  +         Spirit   .     O - +2 cloak {rPois} (curse)
rCorr  +         Warding  .     g - +2 pair of gloves (curse)
rMut   .         Rnd*Tele +     D - +2 pair of boots of Death's Door {+Blink rF+ Stlth+} (curse)
MR     +++..                    V - amulet "Aleolan" {rCorr rElec Slay+3} (curse)
Stlth  ..........               P - ring of Ybiseb {rElec Int+3 Dex+3 SInv} (curse)
                                S - ring "Liraen" {*Drain rF++ rC+ Int+3 Stlth+} (curse)

@: mesmerised, extremely resistant to hostile enchantments, extremely unstealthy
A: beak, hooves 1, horns 1, large bone plates 2, rugged brown scales 1, blurry
vision 2, breathe flames 1, clumsy 2, deformed body, deterioration 2, dopey 1,
frail 1, low mp 1, poison resistance, screaming 2, shaggy fur 1, teleportitis 1,
weak 1, no device heal 1, subdued magic 2
a: Scrying, Transfer Knowledge, Renounce Religion, Breathe Fire, Evoke Blink,
Evoke Flight
0: Orb of Zot
}: 4/15 runes: decaying, serpentine, silver, abyssal


You escaped.
You worshipped Ashenzari.
Ashenzari was exalted by your worship.
You were hungry.

You visited 10 branches of the dungeon, and saw 56 of its levels.
You visited the Abyss 1 time.
You also visited: Labyrinth, Ossuary, Bailey and Ice Cave.

You collected 7698 gold pieces.
You spent 4942 gold pieces at shops.

Inventory:

Hand weapons
 X - the cursed +14 obsidian axe (weapon) {chop, +Fly Str+3 SInv *Curse}
   (You bought it in a shop on level 4 of the Vaults)

   It inflicts extra damage upon your enemies.
   It affects your strength (+3).
   It lets you see invisible.
   It lets you fly.
   It may re-curse itself when equipped.
   It has a curse placed upon it.
Armour
 c - a cursed +2 shield (worn)
 g - a cursed +2 pair of gloves (worn)
 y - the cursed +9 armour of the Dragon King (worn) {rPois rF+ rC+ MR+}
   (You found it on level 1 of the Elven Halls)

   It protects you from fire.
   It protects you from cold.
   It protects you from poison.
   It affects your resistance to hostile enchantments.
   It has a curse placed upon it.
 D - the cursed +2 pair of boots of Death's Door (worn) {+Blink rF+ Stlth+}
   (You found it on level 2 of the Vaults)

   It protects you from fire.
   It lets you blink.
   It makes you more stealthy.
   It has a curse placed upon it.
 O - a cursed +2 cloak of poison resistance (worn)
Jewellery
 x - an uncursed amulet of resist mutation
 z - an uncursed ring of sustain attributes
 P - the cursed ring of Ybiseb (right hand) {rElec Int+3 Dex+3 SInv}
   (You found it in a labyrinth)

   [ring of see invisible]

   It affects your intelligence (+3).
   It affects your dexterity (+3).
   It insulates you from electricity.
   It lets you see invisible.
   It has a curse placed upon it.
 S - the cursed ring "Liraen" (left hand) {*Drain rF++ rC+ Int+3 Stlth+}
   (You found it on level 4 of the Vaults)

   [ring of protection from cold]

   It affects your intelligence (+3).
   It greatly protects you from fire.
   It protects you from cold.
   It causes draining when unequipped.
   It makes you more stealthy.
   It has a curse placed upon it.
 U - the ring "Gatoog" {rPois rN+ MP+9 Int+2 Slay+3}
   (You found it on level 6 of the Lair of Beasts)

   [ring of magical power]

   It affects your intelligence (+2).
   It affects your accuracy and damage with ranged weapons and melee attacks
   (+3).
   It protects you from poison.
   It protects you from negative energy.
   It affects your magic capacity (+9).
 V - the cursed amulet "Aleolan" (around neck) {rCorr rElec Slay+3}
   (You took it off a deep elf demonologist on level 3 of the Elven Halls)

   [amulet of resist corrosion]

   It protects you from acid and corrosion.
   It affects your accuracy and damage with ranged weapons and melee attacks
   (+3).
   It insulates you from electricity.
   It has a curse placed upon it.
 Y - the ring "Xiriashri" {rPois rF- rN+ Int+3 SInv}
   (You found it on level 10 of the Dungeon)

   [ring of positive energy]

   It affects your intelligence (+3).
   It makes you vulnerable to fire.
   It protects you from poison.
   It protects you from negative energy.
   It lets you see invisible.
Magical devices
 d - a wand of cold (6)
 A - a wand of cold (7)
 C - a wand of lightning (9)
 G - a wand of disintegration (16)
 K - a wand of digging (3)
 M - a wand of paralysis (2)
 R - a wand of polymorph (13)
 W - a wand of teleportation (0)
Scrolls
 a - 2 scrolls of fog
 b - 8 scrolls of summoning
 k - 20 scrolls of teleportation
 l - 2 scrolls of recharging
 o - 10 scrolls of fear
 p - 49 scrolls of identify
 q - 9 scrolls of immolation
 t - 11 scrolls of blinking
 u - 7 scrolls of silence
 v - a scroll of holy word
 L - 8 scrolls of magic mapping
 N - 10 scrolls of remove curse
 Q - 6 scrolls of enchant armour
 T - 2 scrolls of enchant weapon
 Z - 4 scrolls of amnesia
Potions
 e - a potion of agility
 f - 3 potions of ambrosia
 h - a potion of haste
 j - a potion of berserk rage
 m - a potion of invisibility
 r - a potion of resistance
 s - 23 potions of curing
 w - 8 potions of cancellation
 E - 5 potions of flight
 F - 4 potions of brilliance
Comestibles
 i - 8 bread rations
 n - 12 slices of pizza
 B - 17 beef jerkies
 H - 31 fruits
 I - a chunk of flesh
 J - 11 meat rations


   Skills:
 O Level 27 Fighting
 - Level 25.9(27) Axes
 - Level 23.9(27) Armour
 * Level 12.2 Dodging
 O Level 27 Shields
 * Level 11.3 Spellcasting
 * Level 6.0(10.5) Hexes
 * Level 5.8(10.3) Charms
 * Level 5.7(10.2) Necromancy


You had 41 spell levels left.
You knew the following spells:

 Your Spells              Type           Power        Failure   Level  Hunger
a - Infusion              Chrm           ###...       0%          1    None
b - Regeneration          Chrm/Necr      ###.......   1%          3    #......
c - Spectral Weapon       Hex/Chrm       ###.....     1%          3    #......


Dungeon Overview and Level Annotations

Branches:
Dungeon (15/15)            Temple (0/1) D:5            Lair (8/8) D:9
  Swamp (4/4) Lair:5        Snake (4/4) Lair:3        Slime (3/6) Lair:6
    Orc (4/4) D:9             Elf (3/3) Orc:3        Vaults (5/5) D:13
  Crypt (0/3) Vaults:3     Depths (5/5) D:15            Zot (5/5) Depths:5

Altars:
Ashenzari
Cheibriados
Dithmenos
Elyvilon
Kikubaaqudgha
Ru
Trog
Vehumet
Xom
Beogh

Shops:
D:4 [   D:5 :   Orc:4 (:[*   Vaults:4 ((?=   Depths:4 ?

Portals:
Hell: Depths:1 Depths:2 Depths:3 Depths:4 Depths:5
Abyss: Depths:2 Depths:4
Pandemonium: Depths:3 Depths:4
Ziggurat: Depths:5

Annotations:
D:4 Sigmund


Innate Abilities, Weirdness & Mutations

You have a beak for a mouth.
You have large cloven feet.
You have a pair of small horns on your head.
You are mostly covered in large bone plates (AC +3, SH +3).
You are partially covered in rugged brown scales (AC +1, +3% HP).
Scrolls take you longer to read.
You can breathe flames.
You are very clumsy. (Dex -4)
Armour fits poorly on your strangely shaped body.
Your body often deteriorates upon taking damage.
You are dopey. (Int -2)
You are frail (-10% HP).
Your magical capacity is low (-10% MP).
Your system is resistant to poisons.
You sometimes yell uncontrollably at your foes.
You are covered in fur (AC +1).
You are occasionally teleported to nearby monsters.
You are weak. (Str -2)
Potions and wands are less effective at restoring your health.
Your spells are easier to cast, but less powerful.


Message History

You peck the ice devil.
The ice devil is almost dead.
The ice devil misses you.
You closely miss the ice devil. You headbutt the ice devil!
The ice devil is almost dead.
The ice devil barely misses you.
You barely miss the ice devil. You headbutt the ice devil.
You break out of your daze!
You kill the ice devil!
There is a stone staircase leading up here.
You climb upwards.
Your summoned ally is left behind.
There is a stone staircase leading down here.
You see here a +0 short sword.
You see here a +0 dagger.
You see here a +0 ring mail.
There is a fountain of clear blue water here.
An orange demon comes into view.
There is a staircase leading out of the dungeon here.
Visions of slaying the orange demon flood into your mind.
You have escaped!

#.# #..## #.# #.# #..# #.# #.##
###.# #.# #..## #.# #{#
#...######.###.... #.#
#.######4#............... ####.#
#...............#.#.##### .....#
#..##♣♣♣.♣♣♣##......# ####.# #..#
♣⌠♣ #...##.##### # #)#
#..♣♣♣♣♣.♣♣♣♣♣...##...... ####.#
#.....⌠.@.⌠.....###.####. ..##.#
#..♣♣♣♣♣.♣♣♣♣♣......# #. #.##)#
#.[# ♣⌠♣ #..#.#.####.
#.##.####..##♣♣♣.♣♣♣##....#......
#.##......................#######
#.###########..##.######### #.#
########.###.# #.# #............#
#.# #.#########.##


You could see an orange demon.

Vanquished Creatures
  7 ancient liches
  6 orbs of fire (Zot:5)
  A juggernaut (Depths:3)
  Boris (Depths:3)
  6 caustic shrikes
  Margery (Depths:1)
  Norris (Elf:3)
  Saint Roka (Elf:2)
  A Killer Klown (Zot:5)
  3 curse toes
  15 golden dragons
  Nikola (Swamp:1)
  A pandemonium lord (Zot:5)
  Jory (Vaults:4)
  3 bone dragons
  2 electric golems (Zot:5)
  3 hellephants
  17 tentacled monstrosities
  6 liches
  A quicksilver dragon (Vaults:5)
  2 deep elf blademasters (Elf:3)
  3 titans (Vaults:5)
  24 Orb Guardians
  A deep elf master archer (Elf:3)
  5 acid blobs (Slime:2)
  An Executioner (Abyss:2)
  6 death cobs
  Agnes (D:14)
  Kirke (Lair:6)
  12 storm dragons
  5 tentacled starspawn
  A daeva (Abyss:2)
  4 azure jellies
  5 tengu reavers
  9 shadow dragons
  3 sphinxes
  11 vault wardens
  Wiglaf (Vaults:4)
  5 draconian monks
  26 large abominations
  Donald (Elf:3)
  7 deep elf sorcerers
  A cacodemon (D:6)
  18 frost giants
  5 greater nagas
  A ghost moth (shapeshifter) (Vaults:5)
  2 orc warlords
  10 fire giants
  5 draconian knights
  4 draconian scorchers
  Louise (Swamp:3)
  An iron dragon (Vaults:5)
  A balrug (D:9)
  A ghost moth (Zot:5)
  An emperor scorpion (Lair:8)
  2 draconian zealots
  16 ironheart preservers
  6 spriggan defenders
  2 war gargoyles (Vaults:5)
  5 draconian shifters
  3 draconian annihilators
  30 very ugly things
  A draconian caller (Zot:5)
  9 deep elf demonologists
  2 reapers
  30 stone giants
  7 black draconians
  6 vampire knights
  6 green draconians
  Nessos (Orc:2)
  12 deep elf annihilators
  A lorocyproca (Abyss:2)
  5 dire elephants (Abyss:3)
  11 purple draconians
  11 mottled draconians
  3 salamander stormcallers
  7 yellow draconians
  6 red draconians
  10 white draconians
  A blizzard demon (Depths:1)
  14 ettins
  29 vault guards
  A green death (D:7)
  9 deep elf death magi
  4 rakshasas
  15 fire dragons
  A minotaur (Lab)
  10 entropy weavers
  24 yaktaur captains
  5 deep elf high priests
  16 naga warriors
  The ghost of AvylaarBelgium the Basher, a powerful DsGl (Snake:1)
  13 great orbs of eyes
  8 spriggan air magi
  3 catoblepae (Lair:8)
  5 alligators
  27 ice dragons
  4 ghost crabs
  17 hydras
  8 anacondas
  16 dancing weapons (Elf:2)
  7 centaur warriors
  A satyr (Lair:7)
  A queen ant (D:13)
  11 deep troll shamans
  14 ogre magi
  14 death yaks
  6 tengu warriors
  4 thrashing horrors
  6 shock serpents
  4 spriggan berserkers
  11 naga sharpshooters
  2 deep troll earth magi
  5 hell hogs (Abyss:2)
  11 hell knights
  4 orc high priests
  2 sun demons
  Sonja (Orc:2)
  26 deep elf knights
  Nergalle (Orc:1)
  18 small abominations
  A fire crab (Vaults:3)
  5 iron trolls
  2 salamander mystics
  9 wretched stars (Abyss:2)
  3 skeletal warriors (Vaults:1)
  A death drake (Abyss:3)
  A sea snake (shapeshifter) (Vaults:5)
  An unseen horror (Abyss:2)
  7 shadow wraiths
  2 spatial maelstroms (Abyss:2)
  2 soul eaters
  2 flayed ghosts
  A swamp dragon (Swamp:1)
  An unseen horror (shapeshifter) (Vaults:3)
  11 giant orange brains
  A shadow demon (Zot:5)
  6 ice devils
  4 wizards
  21 deep trolls
  A spectral hydra (Swamp:4)
  3 spriggan druids (Swamp:3)
  2 gelid demonspawn (D:7)
  9 deep elf summoners
  19 ironbrand convokers
  3 ice statues
  5 naga ritualists
  An infernal demonspawn (Depths:4)
  8 harpies
  5 hill giants
  6 lindwurms
  20 deep elf conjurers
  2 cyclopes (shapeshifter)
  6 orc sorcerers
  7 phantasmal warriors
  4 griffons
  12 mana vipers
  7 necromancers
  A wolf spider zombie (D:15)
  2 hornets
  A salamander (shapeshifter) (Vaults:3)
  A frost giant zombie (Vaults:5)
  An oklob plant (Lair:2)
  17 orc knights
  5 shining eyes
  A tengu skeleton (Vaults:3)
  3 manticores
  12 salamanders
  8 wolf spiders
  16 moths of wrath
  2 worldbinders (Abyss:2)
  3 hornets (shapeshifter)
  58 ugly things
  28 naga magi
  7 cyclopes
  A storm dragon simulacrum (Abyss:2)
  A dire elephant zombie (Abyss:2)
  34 black mambas
  Maurice (Orc:2)
  A moth of wrath (shapeshifter) (Vaults:2)
  16 elephants
  A frost giant skeleton (Vaults:5)
  A stone giant skeleton (Vaults:5)
  2 eyes of devastation
  2 guardian serpents
  Joseph (D:10)
  5 gargoyles
  5 sixfirhies
  A titan simulacrum (Abyss:2)
  13 vault sentinels
  A rust devil (Depths:4)
  An apocalypse crab (Abyss:2)
  An eye of devastation (shapeshifter) (Abyss:3)
  20 spiny frogs
  57 yaktaurs
  A demonic crawler (Abyss:2)
  A torpor snail (Lair:5)
  7 smoke demons
  An orange demon (Abyss:2)
  4 efreet
  7 komodo dragons
  A tormentor (Depths:3)
  6 swamp worm zombies (Swamp:4)
  23 deep elf priests
  A blue devil (Depths:3)
  2 fire drakes
  7 ancient zymes
  9 trolls
  2 polar bears
  2 tengu conjurers
  2 queen bees (shapeshifter)
  A queen bee (Lair:1)
  8 freezing wraiths
  2 hydra zombies (Swamp:4)
  2 jumping spiders
  94 slime creatures
  8 red devils
  A human simulacrum (Vaults:1)
  8 giant leeches
  3 spectral swamp dragons (Swamp:4)
  2 wind drakes (shapeshifter)
  11 bog bodies
  14 raiju
  4 boulder beetles
  32 blink frogs
  26 two-headed ogres
  An ettin zombie (Abyss:1)
  21 redbacks
  11 spriggans
  5 shadows
  4 tarantellas
  4 flying skulls (Abyss:3)
  A trapdoor spider (shapeshifter) (Vaults:5)
  5 ynoxinuls
  A dire elephant simulacrum (Abyss:2)
  A vampire (D:13)
  2 redbacks (shapeshifter)
  A tarantella (shapeshifter) (Vaults:2)
  A spriggan (shapeshifter) (Vaults:2)
  42 deep elf fighters
  34 deep elf magi
  72 yaks
  4 wraiths
  3 wyverns
  A hog (shapeshifter) (Vaults:1)
  A trapdoor spider (D:12)
  6 basilisks
  A basilisk (shapeshifter) (Elf:2)
  4 chaos spawn
  A water elemental (D:13)
  3 hippogriffs
  3 hogs (Lair:6)
  15 air elementals
  3 hungry ghosts
  7 neqoxecs
  2 steam dragons
  25 swamp worms
  9 golden eyes
  2 soldier ants (shapeshifter)
  29 vampire mosquitoes
  5 insubstantial wisps (Swamp:4)
  3 mottled dragons
  8 soldier ants
  A water moccasin (shapeshifter) (Depths:2)
  9 wargs
  3 spatial vortices (Abyss:2)
  14 wolves (Lair:4)
  A spider (D:9)
  14 water moccasins
  37 nagas
  Duvessa (D:5)
  12 swamp drakes
  66 orc warriors
  8 porcupines
  12 ice beasts
  13 centaurs
  3 eyes of draining
  5 swamp dragon zombies (Swamp:4)
  11 wasps
  A necrophage (D:9)
  9 phantoms
  2 black bears
  6 boggarts
  6 sky beasts
  57 ogres
  15 crocodiles
  2 elf zombies (Ossuary)
  2 big kobolds
  A gnoll sergeant (D:9)
  A human skeleton (Vaults:3)
  24 giant frogs
  A wyvern skeleton (D:13)
  Dowan (D:5)
  4 scorpions
  7 electric eels
  23 killer bees
  An elf skeleton (Vaults:5)
  14 wights
  11 crimson imps
  A giant frog zombie (D:11)
  11 starcursed masses (Abyss:2)
  7 hounds
  A giant frog skeleton (D:6)
  4 human zombies
  32 orc priests
  15 jellies
  7 centaur zombies
  5 quasits
  3 iron imps
  35 worker ants
  A centaur skeleton (D:6)
  A spectral swamp drake (Swamp:4)
  A gnoll shaman (D:7)
  9 iguanas
  43 orc wizards
  21 sheep
  A big kobold zombie (Ossuary)
  3 hound zombies
  2 hound skeletons
  2 mummies (Ossuary)
  Robin (D:3)
  18 gnolls
  A worker ant zombie (D:5)
  22 adders
  26 river rats
  3 swamp drake zombies (Swamp:4)
  4 shadow imps
  2 white imps
  A giant eyeball (Depths:5)
  5 ufetubi
  15 oozes (Lair:2)
  2 adder skeletons
  2 adder zombies
  4 worms
  244 orcs
  5 ball pythons
  10 bats
  5 giant cockroaches
  11 hobgoblins
  8 jackals
  18 kobolds
  5 quokkas
  A ball python skeleton (D:4)
  5 giant geckos
  2 giant gecko skeletons
  A giant gecko zombie (D:7)
  6 giant newts
  17 goblins
  2 goblin zombies (Ossuary)
  8 hobgoblin zombies (Ossuary)
  2 jackal skeletons
  2 jackal zombies (Ossuary)
  6 kobold zombies (Ossuary)
  11 orc zombies (Ossuary)
  6 rats
  2 rat zombies (Ossuary)
  A bush (Lair:6)
  2 crawling corpses (Vaults:5)
  3 fire vortices (Vaults:4)
  16 fungi
  17 plants
  5 starspawn tentacles (Abyss:2)
  A starspawn tentacle segment (Abyss:2)
3131 creatures vanquished.

Vanquished Creatures (collateral kills)
  A Killer Klown (Zot:5)
  2 tentacled monstrosities
  4 Orb Guardians (Zot:5)
  A Shadow Fiend (Zot:5)
  A tentacled starspawn (Abyss:3)
  A draconian monk (Zot:2)
  A draconian annihilator (Zot:5)
  2 draconian shifters
  A stone giant (Depths:4)
  A black draconian (Zot:1)
  A green draconian (Depths:5)
  A red draconian (Depths:5)
  A dire elephant (Abyss:3)
  2 purple draconians
  3 yellow draconians
  A white draconian (Zot:1)
  A blizzard demon (Zot:2)
  A fire dragon (Depths:5)
  A spriggan air mage (Depths:5)
  A vampire mage (Depths:4)
  A thrashing horror (Abyss:3)
  A hell hog (Abyss:2)
  A hell knight (Depths:4)
  A deep troll (Depths:5)
  A large abomination (Abyss:2)
  An elephant (Abyss:3)
  An apocalypse crab (Abyss:2)
  A yaktaur (Depths:5)
  A smoke demon (Abyss:3)
  A hellwing (Abyss:2)
  An ancient zyme (Abyss:2)
  A red devil (D:9)
  A blue devil (D:14)
  A queen bee (shapeshifter) (Depths:4)
  A two-headed ogre (Depths:4)
  4 raiju
  A shadow (Abyss:2)
  A redback (Depths:5)
  3 chaos spawn (Abyss:2)
  A spatial vortex (Abyss:2)
  2 neqoxecs (Abyss:2)
  An insubstantial wisp (Abyss:2)
  An ogre (Depths:4)
  2 quasits
  3 small abominations
  An ufetubus (Abyss:2)
  2 starspawn tentacles (Abyss:3)
65 creatures vanquished.

Vanquished Creatures (others)
  An eldritch tentacle (Zot:5)
  A storm dragon (Zot:2)
  A tengu reaver (Vaults:5)
  A draconian zealot (Zot:2)
  2 stone giants
  A deep elf annihilator (Elf:3)
  2 vault guards (Vaults:5)
  An ogre mage (Vaults:2)
  A deep elf knight (Elf:3)
  A moth of wrath (Zot:2)
  2 spriggans (Swamp:4)
  An insubstantial wisp (Swamp:4)
  A warg (Vaults:4)
  3 ogres
  2 wasps (Swamp:4)
  A boggart (Depths:3)
  An orc wizard (Vaults:5)
  An orc (D:3)
  122 eldritch tentacle segments
  2 fire vortices (Vaults:4)
  17 fungi
  18 plants
  3 spectral weapons (Zot:5)
  6 starspawn tentacles
  141 starspawn tentacle segments
333 creatures vanquished.

Grand Total: 3529 creatures vanquished

Notes
Turn   | Place    | Note
--------------------------------------------------------------
     0 | D:1      | Kuldar the Hill Orc Fighter began the quest for the Orb.
     0 | D:1      | Reached XP level 1. HP: 19/19 MP: 1/1
   139 | D:1      | Reached XP level 2. HP: 18/27 MP: 2/2
   699 | D:2      | Reached XP level 3. HP: 31/33 MP: 3/3
   796 | D:2      | Reached skill level 4 in Fighting
   875 | D:2      | Found a faded altar to an unknown god.
   885 | D:2      | Became a worshipper of Ashenzari the Shackled
   885 | D:2      | Acquired Ashenzari's first power
   919 | D:2      | Reached XP level 4. HP: 4/40 MP: 4/4
  1639 | D:3      | Found a shadowy altar of Dithmenos.
  1672 | D:3      | Noticed Robin
  1698 | D:3      | Reached XP level 5. HP: 44/47 MP: 5/5
  1716 | D:3      | Killed Robin
  1881 | D:3      | HP: 1/47 [orc wizard/magic dart (7)]
  2042 | D:3      | Reached XP level 6. HP: 40/55 MP: 6/6
  2145 | D:3      | Reached skill level 5 in Fighting
  2316 | D:4      | Found Ceduev's Antique Armour Shoppe.
  2326 | D:4      | Reached skill level 5 in Axes
  2402 | D:4      | Noticed Sigmund
  2502 | D:4      | Acquired Ashenzari's second power
  2562 | D:4      | Reached skill level 5 in Shields
  2599 | D:4      | Found a sand-covered staircase.
  2614 | Ossuary  | Entered an ossuary
  2740 | Ossuary  | Reached XP level 7. HP: 56/61 MP: 7/7
  2756 | Ossuary  | Reached skill level 5 in Armour
  2883 | Ossuary  | Reached skill level 6 in Fighting
  3599 | D:4      | Reached XP level 8. HP: 28/71 MP: 8/8
  3874 | D:5      | Entered Level 5 of the Dungeon
  3885 | D:5      | Found Pyva's Book Shoppe.
  3929 | D:5      | Found a staircase to the Ecumenical Temple.
  4280 | D:5      | Noticed Dowan
  4292 | D:5      | Killed Dowan
  4292 | D:5      | Reached skill level 7 in Axes
  4314 | D:5      | Noticed Duvessa
  4327 | D:5      | Killed Duvessa
  4391 | D:5      | Found a snail-covered altar of Cheibriados.
  4395 | D:5      | Found a white marble altar of Elyvilon.
  4400 | D:5      | Found a sacrificial altar of Ru.
  4670 | D:4      | Bought a runed scale mail for 76 gold pieces
  4670 | D:4      | Bought a pair of runed boots for 85 gold pieces
  5265 | D:6      | Reached skill level 8 in Axes
  5265 | D:6      | Reached XP level 9. HP: 70/79 MP: 9/9
  5330 | D:6      | Found a shimmering altar of Xom.
  5872 | D:6      | Found a bloodstained altar of Trog.
  6077 | D:7      | Found an ancient bone altar of Kikubaaqudgha.
  6593 | D:8      | Gained mutation: Scrolls take you a little longer to read. [mutagenic meat]
  6594 | D:8      | Gained mutation: You occasionally shout uncontrollably at your foes. [mutagenic meat]
  6595 | D:8      | Lost mutation: You occasionally shout uncontrollably at your foes. [mutagenic meat]
  6596 | D:8      | Gained mutation: You can translocate small distances at will. [mutagenic meat]
  6597 | D:8      | Gained mutation: You are covered in fur (AC +1). [mutagenic meat]
  6778 | D:8      | Reached skill level 9 in Axes
  7141 | D:8      | Acquired Ashenzari's third power
  7154 | D:8      | Found an ancient bone altar of Kikubaaqudgha.
  7389 | D:8      | Reached XP level 10. HP: 64/91 MP: 10/10
  7728 | D:9      | Found a roughly hewn altar of Beogh.
  7728 | D:9      | Found a staircase to the Orcish Mines.
  7836 | D:9      | Reached skill level 10 in Axes
  8272 | D:9      | Identified a scroll of acquirement
  8518 | D:9      | Reached skill level 10 in Fighting
  8663 | D:9      | Noticed a komodo dragon
  8677 | D:9      | Killed a komodo dragon
  8819 | D:9      | Found a staircase to the Lair.
  8847 | D:9      | Identified the +8 broad axe "Sepaomn" {venom, SInv}
  9310 | D:9      | Gained mutation: You can breathe flames. [potion of mutation]
  9310 | D:9      | Gained mutation: You are partially covered in molten scales (AC +1). [potion of mutation]
  9398 | Orc:1    | Entered Level 1 of the Orcish Mines
  9418 | Orc:1    | Reached skill level 11 in Axes
  9462 | Orc:2    | Found a roughly hewn altar of Beogh.
  9478 | Orc:2    | Reached XP level 11. HP: 81/101 MP: 11/11
  9779 | Orc:2    | Noticed Maurice
  9794 | Orc:2    | Killed Maurice
  9946 | Orc:2    | Noticed Sonja
  9951 | Orc:2    | Killed Sonja
  9951 | Orc:2    | Reached skill level 10 in Armour
 10050 | Orc:2    | Reached skill level 10 in Shields
 10205 | Orc:1    | Noticed Nergalle
 10219 | Orc:1    | Killed Nergalle
 10971 | Orc:3    | Noticed Nessos
 11002 | Orc:2    | Killed Nessos
 11002 | Orc:2    | Reached skill level 12 in Axes
 11004 | Orc:2    | HP: 5/102 [poisoned by Nessos]
 11009 | Orc:2    | HP: 3/102 [poisoned by Nessos]
 11016 | Orc:2    | HP: 2/102 [poisoned by Nessos]
 11023 | Orc:2    | HP: 2/102 [poisoned by Nessos]
 11031 | Orc:2    | HP: 2/102 [poisoned by Nessos]
 11480 | Orc:3    | Found a runed door.
 11567 | Orc:3    | Found a staircase to the Elven Halls.
 11711 | Orc:3    | Acquired Ashenzari's fourth power
 11980 | Orc:3    | Found a roughly hewn altar of Beogh.
 12053 | Orc:4    | Entered Level 4 of the Orcish Mines
 12060 | Orc:4    | Noticed an orc high priest
 12064 | Orc:4    | Noticed an orc high priest
 12277 | Orc:4    | Found Beluser's Book Shop.
 12277 | Orc:4    | Noticed an orc high priest
 12277 | Orc:4    | Noticed an orc warlord
 12279 | Orc:4    | Noticed an orc high priest
 12565 | Orc:4    | Reached XP level 12. HP: 99/111 MP: 12/12
 13100 | Orc:3    | Killed an orc high priest
 13294 | Orc:4    | Killed an orc high priest
 13695 | Orc:4    | Found Fok Ema's General Store.
 13715 | Orc:4    | Killed an orc high priest
 13715 | Orc:4    | Reached skill level 13 in Axes
 13934 | Orc:4    | Bought a cursed amulet of inaccuracy for 30 gold pieces
 14169 | Orc:4    | Found Qacocezi's Antique Armour Boutique.
 14194 | Orc:4    | Found Sohiumid's Antique Weapon Shop.
 14250 | Orc:4    | Killed an orc warlord
 14293 | Orc:4    | Killed an orc high priest
 14583 | Orc:4    | Bought an encrusted long sword for 187 gold pieces
 14583 | Orc:4    | Identified the +1 long sword of Wrath {flame, *Rage +Inv Int+2} (You bought it in a shop on level 4 of the Orcish Mines)
 14714 | Orc:4    | Bought a scroll of magic mapping for 52 gold pieces
 14714 | Orc:4    | Bought a potion of haste for 150 gold pieces
 14920 | Lair:1   | Entered Level 1 of the Lair of Beasts
 15156 | Lair:1   | Reached XP level 13. HP: 104/119 MP: 13/13
 15307 | Lair:1   | Reached skill level 14 in Axes
 15782 | Lair:2   | Found a frozen archway.
 15818 | IceCv    | Entered an ice cave
 15894 | IceCv    | Identified the Tome of Attacks
 16549 | Lair:2   | Gained mutation: You are partially covered in large bone plates (AC +2, SH +2). [potion of mutation]
 16549 | Lair:2   | Gained mutation: You are robust (+10% HP). [potion of mutation]
 16550 | Lair:2   | Gained mutation: Your natural rate of healing is unusually fast. [potion of mutation]
 16550 | Lair:2   | Lost mutation: Scrolls take you a little longer to read. [potion of mutation]
 17003 | Lair:3   | Acquired Ashenzari's fifth power
 17124 | Lair:3   | Found a staircase to the Snake Pit.
 17208 | Lair:3   | Reached skill level 15 in Axes
 17428 | Lair:4   | Reached XP level 14. HP: 109/146 MP: 14/14
 17721 | Lair:5   | Found a labyrinth entrance.
 17734 | Lab      | Entered a labyrinth
 17859 | Lab      | Identified the +5 trident "Lepin" {pain, Dex+3 SInv}
 17868 | Lab      | Gained mutation: You have a beak for a mouth. [helix card]
 17969 | Lab      | Identified the ring of Ybiseb {rElec Int+3 Dex+3 SInv} (You found it in a labyrinth)
 19317 | Lair:5   | Reached skill level 15 in Fighting
 19488 | Lair:5   | Found a staircase to the Swamp.
 19636 | Lair:6   | Reached skill level 16 in Axes
 19699 | Lair:6   | Noticed Kirke
 19741 | Lair:6   | Killed Kirke
 19841 | Lair:6   | Found a staircase to the Slime Pits.
 19921 | Lair:6   | Identified the cursed +1 robe of Spite {+Fly}
 20682 | Lair:7   | Reached XP level 15. HP: 111/155 MP: 15/15
 21175 | Lair:8   | Entered Level 8 of the Lair of Beasts
 21958 | Lair:8   | Reached skill level 17 in Axes
 22415 | Swamp:1  | Entered Level 1 of the Swamp
 22415 | Swamp:1  | Noticed Nikola
 22441 | Swamp:1  | Killed Nikola
 22761 | Swamp:1  | Upgraded the game from 0.17-a0-1941-gcc30b76 to 0.17-a0-1945-gfe993df
 22780 | Swamp:1  | Found a shadowy altar of Dithmenos.
 22864 | Swamp:1  | Reached skill level 15 in Armour
 23450 | Swamp:2  | Reached skill level 15 in Shields
 23478 | Swamp:2  | Reached XP level 16. HP: 114/167 MP: 16/16
 23662 | Swamp:2  | Identified the +3 scale mail "Gulempal" {rElec rC++ Dex-4}
 24511 | Swamp:3  | Noticed Louise
 24543 | Swamp:3  | Killed Louise
 25056 | Swamp:4  | Entered Level 4 of the Swamp
 25103 | Swamp:4  | Reached skill level 18 in Axes
 26137 | Swamp:4  | Got a decaying rune of Zot
 26171 | Swamp:4  | Noticed a bone dragon
 26194 | Swamp:4  | Killed a bone dragon
 26686 | Elf:1    | Entered Level 1 of the Elven Halls
 28336 | Elf:2    | Noticed Saint Roka
 28402 | Elf:2    | Reached XP level 17. HP: 158/178 MP: 17/17
 28440 | Elf:2    | Noticed a Brimstone Fiend
 28893 | Elf:2    | Reached skill level 19 in Axes
 28985 | Elf:2    | Killed Saint Roka
 29195 | Elf:2    | Found a radiant altar of Vehumet.
 29318 | Elf:2    | Found a runed gate.
 29320 | Elf:2    | Found a runed gate.
 29321 | Elf:2    | Found a runed gate.
 29782 | Elf:2    | Noticed a Brimstone Fiend
 29798 | Elf:3    | Entered Level 3 of the Elven Halls
 30420 | Elf:3    | Noticed Donald
 30429 | Elf:3    | Killed Donald
 30648 | Elf:3    | Reached XP level 18. HP: 171/190 MP: 18/18
 30833 | Elf:3    | Noticed a deep elf blademaster
 30841 | Elf:3    | Noticed a deep elf master archer
 30855 | Elf:3    | Killed a deep elf blademaster
 30860 | Elf:3    | Killed a deep elf master archer
 30874 | Elf:3    | Noticed a deep elf master archer
 30874 | Elf:3    | Identified the ring "Yntugaw" {rPois rC+ rN+ Dex-4 Stlth-} (You took it off a deep elf annihilator on level 3 of the Elven Halls)
 30874 | Elf:3    | Identified the +6 rapier "Jub Cate" {venom, -Tele rN+ Dex+10 Stlth+} (You took it off a deep elf annihilator on level 3 of the Elven Halls)
 30880 | Elf:3    | Noticed Norris
 31046 | Elf:3    | Reached skill level 20 in Axes
 31087 | Elf:3    | Noticed a deep elf blademaster
 31108 | Elf:3    | Killed a deep elf blademaster
 31189 | Elf:3    | Noticed a Brimstone Fiend
 31570 | Elf:3    | Noticed an Ice Fiend
 31592 | Elf:3    | Identified the amulet "Aleolan" {rCorr rElec Slay+3} (You took it off a deep elf demonologist on level 3 of the Elven Halls)
 31800 | Elf:3    | Identified the ring "Tesu" {rC+ AC+2} (You took it off a deep elf demonologist on level 3 of the Elven Halls)
 31801 | Elf:3    | Killed Norris
 31971 | Elf:3    | Identified Puant's Volume of Fetching Calling (You found it on level 3 of the Elven Halls)
 31997 | Elf:3    | Identified the cursed +1 ring mail "Waweed" {Int+4 SInv}
 31998 | Elf:3    | Identified the +10 plate armour of Gaomy {rN+ Int+5}
 32005 | Elf:3    | Identified the +7 falchion "Ziost" {pain, Dex+4}
 32006 | Elf:3    | Identified the ring "Siucvima" {Ice *Corrode Dex+5}
 32040 | Elf:3    | Identified the Handbook of Lucky Air
 32113 | Elf:3    | Identified a +2 rod of destruction (2/10) (You took it off a deep elf demonologist on level 3 of the Elven Halls)
 32376 | Elf:1    | Identified the +4 trident "Deungege" {pain, rF++ MR+ Dex+3}
 32726 | Snake:1  | Entered Level 1 of the Snake Pit
 33092 | Snake:1  | Noticed AvylaarBelgium's ghost (powerful DsGl)
 33102 | Snake:1  | Killed AvylaarBelgium's ghost
 33867 | Snake:2  | Reached XP level 19. HP: 187/201 MP: 19/19
 34798 | Snake:3  | Reached skill level 21 in Axes
 35340 | Snake:4  | Entered Level 4 of the Snake Pit
 36265 | Snake:4  | Identified the Catalogue of Supportive Sinister Rituals
 36345 | Snake:4  | Got a serpentine rune of Zot
 36757 | D:10     | Entered Level 10 of the Dungeon
 36904 | D:10     | Noticed Joseph
 36912 | D:10     | Killed Joseph
 37032 | D:10     | Found Jihixtig's Magic Scroll Emporium.
 37039 | D:10     | Bought a scroll of identify for 30 gold pieces
 37039 | D:10     | Bought a scroll of recharging for 142 gold pieces
 37039 | D:10     | Bought a scroll of enchant weapon for 112 gold pieces
 37039 | D:10     | Bought a scroll of immolation for 52 gold pieces
 37039 | D:10     | Bought a scroll of immolation for 52 gold pieces
 37039 | D:10     | Bought a scroll of teleportation for 45 gold pieces
 37039 | D:10     | Bought a scroll of remove curse for 45 gold pieces
 37039 | D:10     | Bought a scroll of remove curse for 45 gold pieces
 37039 | D:10     | Bought a scroll of teleportation for 45 gold pieces
 37039 | D:10     | Bought a scroll of identify for 30 gold pieces
 37039 | D:10     | Bought a scroll of identify for 30 gold pieces
 37089 | D:10     | Identified the ring "Xiriashri" {rPois rF- rN+ Int+3 SInv}
 38502 | D:12     | Identified the cursed +6 war axe of Guile {venom, rF+ Str+4 Dex+2} (You acquired it on level 12 of the Dungeon)
 38539 | D:12     | Reached XP level 20. HP: 212/212 MP: 20/20
 39106 | D:13     | Found a flagged portal.
 39118 | Bailey   | Entered a bailey
 39136 | Bailey   | Identified the +1 robe of the Ward {Regen+ Int+3}
 40084 | D:13     | Found a gate to the Vaults.
 40517 | D:14     | Noticed Agnes
 40530 | D:14     | Killed Agnes
 41209 | D:15     | Entered Level 15 of the Dungeon
 41650 | D:15     | Found a staircase to the Depths.
 42031 | Depths:1 | Entered Level 1 of the Depths
 42123 | Depths:1 | Reached skill level 22 in Axes
 42659 | Depths:1 | Noticed Margery
 43096 | Vaults:1 | Entered Level 1 of the Vaults
 43217 | Vaults:1 | Reached XP level 21. HP: 203/224 MP: 21/21
 44527 | Vaults:2 | Identified the +2 pair of boots of Death's Door {+Blink rF+ Stlth+}
 45205 | Vaults:2 | Reached skill level 23 in Axes
 45466 | Vaults:3 | Found a staircase to the Crypt.
 45977 | Vaults:3 | Identified the +5 hand crossbow "Apsor" {velocity, Str+2}
 46256 | Vaults:3 | Reached XP level 22. HP: 235/235 MP: 22/22
 46563 | Vaults:4 | Found Isubed's Jewellery Emporium.
 46564 | Vaults:4 | Noticed Wiglaf
 46579 | Vaults:4 | Killed Wiglaf
 46778 | Vaults:4 | Identified the ring "Liraen" {*Drain rF++ rC+ Int+3 Stlth+}
 46993 | Vaults:4 | Noticed Jory
 47014 | Vaults:4 | Killed Jory
 47060 | Vaults:4 | Found Gaxzodd's Magic Scroll Emporium.
 47060 | Vaults:4 | Found Kiuskemm's Antique Weapon Emporium.
 47083 | Vaults:4 | Found Jeararghy's Weapon Emporium.
 47123 | Vaults:4 | Identified the +1 ring mail of Sin {SInv Stlth+}
 47162 | Vaults:4 | Bought a scroll of identify for 40 gold pieces
 47162 | Vaults:4 | Bought a scroll of enchant armour for 150 gold pieces
 47162 | Vaults:4 | Bought a scroll of teleportation for 60 gold pieces
 47162 | Vaults:4 | Bought a scroll of recharging for 190 gold pieces
 47162 | Vaults:4 | Bought a scroll of enchant weapon for 150 gold pieces
 47162 | Vaults:4 | Bought a scroll of identify for 40 gold pieces
 47709 | Vaults:5 | Entered Level 5 of the Vaults
 47791 | Vaults:5 | Reached skill level 24 in Axes
 47946 | Vaults:5 | Reached XP level 23. HP: 112/246 MP: 23/23
 48873 | Vaults:5 | Identified the cursed +0 leather armour of Slovenliness {+Fly MR- Regen+ Dex+4} (You took it off a deep elf sorcerer on level 5 of the Vaults)
 49006 | Vaults:5 | Noticed an ancient lich
 49336 | Vaults:5 | Identified the +2 pair of gloves of a ziggurat {rF++}
 49712 | Vaults:5 | Killed an ancient lich
 49873 | Vaults:5 | Reached XP level 24. HP: 258/258 MP: 23/23
 50048 | Vaults:5 | Got a silver rune of Zot
 50092 | Vaults:5 | Identified the ring "Nisuonyv" {+Fly rElec rN+ Int+4} (You took it off a yaktaur on level 5 of the Vaults)
 50092 | Vaults:5 | Identified the ring "Nisuonyv" {+Fly rElec rN+ Int+4} (You took it off a yaktaur on level 5 of the Vaults)
 50127 | Vaults:5 | Identified the ring "Nisuonyv" {+Fly rElec rN+ Int+4} (You took it off a yaktaur on level 5 of the Vaults)
 51243 | Lair:3   | Reached skill level 25 in Axes
 51670 | Lair:6   | Identified the ring "Gatoog" {rPois rN+ MP+9 Int+2 Slay+3}
 51837 | Lair:6   | Identified the +2 cloak of Lesser Demons {Dex+2}
 51837 | Lair:6   | Identified the cursed -5 cloak "Tommitiw" {rElec Dex+3}
 51956 | Slime:1  | Entered Level 1 of the Pits of Slime
 52613 | Slime:2  | Gained mutation: You are weak. (Str -2) [a shining eye]
 52714 | Slime:2  | Gained mutation: Scrolls take you a little longer to read. [a shining eye]
 53825 | Depths:1 | Killed Margery
 53979 | Depths:1 | Found a gateway to Hell.
 54391 | Depths:2 | Gained mutation: You have large cloven feet. [mutagenic meat]
 54393 | Depths:2 | Gained mutation: You are mostly covered in large bone plates (AC +3, SH +3). [mutagenic meat]
 54394 | Depths:2 | Lost mutation: You are weak. (Str -2) [mutagenic meat]
 54395 | Depths:2 | Lost mutation: You can breathe flames. [mutagenic meat]
 54454 | Depths:2 | Found a one-way gate to the infinite horrors of the Abyss.
 54896 | Depths:2 | Reached XP level 25. HP: 265/269 MP: 23/23
 54903 | Depths:2 | Lost mutation: You are partially covered in molten scales (AC +1). [mutagenic meat]
 54993 | Depths:2 | Identified the +11 glaive "Fum Elim Dur" {drain, rF- MR+ Str+4 Int+3}
 55162 | Depths:2 | Found a shattered altar of Ashenzari.
 55307 | Depths:3 | Identified the +1 robe of the Poles {rCorr Str+2}
 55308 | Depths:3 | Noticed Boris
 55315 | Depths:3 | Noticed a juggernaut
 55325 | Depths:3 | Killed Boris
 55329 | Depths:3 | Killed a juggernaut
 55829 | Depths:3 | Found a one-way gate leading to the halls of Pandemonium.
 55980 | Depths:3 | Lost mutation: You are robust (+10% HP). [mutagenic meat]
 55981 | Depths:3 | Gained mutation: You are partially covered in rugged brown scales (AC +1, +3% HP). [mutagenic meat]
 56068 | Depths:3 | Gained mutation: You expend magic power (3 MP) to strengthen your wands. [mutagenic meat]
 56069 | Depths:3 | Gained mutation: Your flesh is cold resistant. [mutagenic meat]
 56070 | Depths:3 | Gained mutation: You occasionally shout uncontrollably at your foes. [mutagenic meat]
 56072 | Depths:3 | Gained mutation: You tend to lose your temper in combat. [mutagenic meat]
 56074 | Depths:3 | Lost mutation: You expend magic power (3 MP) to strengthen your wands. [mutagenic meat]
 56075 | Depths:3 | Lost mutation: Your natural rate of healing is unusually fast. [mutagenic meat]
 56077 | Depths:3 | Gained mutation: You can spit weak poison. [mutagenic meat]
 56079 | Depths:3 | Gained mutation: Your system is resistant to poisons. [mutagenic meat]
 56082 | Depths:3 | Lost mutation: You can spit weak poison. [mutagenic meat]
 56730 | Depths:4 | HP: 9/256 [ettin/great mace (23)]
 56873 | Depths:4 | Reached XP level 26. HP: 56/265 MP: 23/23
 57782 | Depths:4 | Gained mutation: You sometimes yell uncontrollably at your foes. [mutagenic meat]
 57786 | Depths:4 | Gained mutation: Your flesh is heat resistant. [mutagenic meat]
 57787 | Depths:4 | Lost mutation: You can translocate small distances at will. [mutagenic meat]
 57791 | Depths:4 | Gained mutation: You can breathe flames. [mutagenic meat]
 57793 | Depths:4 | Gained mutation: Your muscles are strong. (Str +2) [mutagenic meat]
 57796 | Depths:4 | Lost mutation: You tend to lose your temper in combat. [mutagenic meat]
 57800 | Depths:4 | Gained mutation: Your magical capacity is low (-10% MP). [mutagenic meat]
 57803 | Depths:4 | Lost mutation: Your muscles are strong. (Str +2) [mutagenic meat]
 57805 | Depths:4 | Lost mutation: Scrolls take you a little longer to read. [mutagenic meat]
 57807 | Depths:4 | Gained mutation: You can breathe fire. [mutagenic meat]
 58279 | Vaults:4 | Bought the cursed +14 obsidian axe {chop, +Fly Str+3 SInv *Curse} for 2685 gold pieces
 58463 | Vaults:5 | Identified the Disquisition on Noxious Combat Magic (You found it on level 5 of the Vaults)
 59513 | Depths:4 | Identified the ring "Baomay Tuut" {+Blink rF- rN+ MR- Int+5} (You took it off a necromancer on level 4 of the Depths)
 59719 | Depths:4 | Found Quefoh Coaff's Magic Scroll Boutique.
 59727 | Depths:4 | Bought a scroll of identify for 42 gold pieces
 59727 | Depths:4 | Bought a scroll of teleportation for 63 gold pieces
 59727 | Depths:4 | Bought a scroll of fog for 42 gold pieces
 59727 | Depths:4 | Bought a scroll of immolation for 73 gold pieces
 59727 | Depths:4 | Bought a scroll of summoning for 199 gold pieces
 60082 | Depths:5 | Entered Level 5 of the Depths
 60165 | Depths:5 | Lost mutation: Your magical capacity is low (-10% MP). [mutagenic meat]
 60269 | Depths:5 | Lost mutation: Your flesh is cold resistant. [mutagenic meat]
 60270 | Depths:5 | Gained mutation: Your mind is acute. (Int +2) [mutagenic meat]
 60322 | Depths:5 | Found a gate to the Realm of Zot.
 60365 | Depths:5 | Reached skill level 26 in Fighting
 60629 | Depths:5 | Lost mutation: Your mind is acute. (Int +2) [mutagenic meat]
 60630 | Depths:5 | Lost mutation: Your flesh is heat resistant. [mutagenic meat]
 60632 | Depths:5 | Gained mutation: You are dopey. (Int -2) [mutagenic meat]
 60633 | Depths:5 | Gained mutation: You have a pair of small horns on your head. [mutagenic meat]
 60944 | Depths:5 | Lost mutation: You are dopey. (Int -2) [mutagenic meat]
 60946 | Depths:5 | Lost mutation: You sometimes yell uncontrollably at your foes. [mutagenic meat]
 60947 | Depths:5 | Gained mutation: Your body sometimes deteriorates upon taking damage. [mutagenic meat]
 60949 | Depths:5 | Gained mutation: You are robust (+10% HP). [mutagenic meat]
 61013 | Depths:5 | Found a gateway to a ziggurat.
 61014 | Depths:5 | Paralysed by a giant eyeball for 3 turns
 61021 | Depths:5 | Paralysed by a giant eyeball for 3 turns
 61379 | Depths:4 | Voluntarily entered the Abyss.
 61569 | Abyss:1  | Found a corrupted altar of Lugonu.
 61778 | Abyss:1  | Reached XP level 27. HP: 293/305 MP: 23/23
 61947 | Abyss:2  | Paralysed by accursed screaming for 1 turns
 62069 | Abyss:2  | Gained mutation: Your spells are a little easier to cast, but a little less powerful. [a neqoxec]
 62157 | Abyss:2  | Found a basalt altar of Yredelemnul.
 62230 | Abyss:2  | Gained mutation: Scrolls take you a little longer to read. [a neqoxec]
 62546 | Abyss:2  | Reached skill level 27 in Fighting
 63006 | Abyss:3  | Lost mutation: You are robust (+10% HP). [a neqoxec]
 63079 | Abyss:3  | Learned a level 1 spell: Infusion
 63083 | Abyss:3  | Learned a level 3 spell: Regeneration
 63087 | Abyss:3  | Learned a level 3 spell: Spectral Weapon
 63091 | Abyss:3  | Lost mutation: You can breathe fire. [mutagenic meat]
 63236 | Abyss:3  | Got an abyssal rune of Zot
 63254 | Abyss:3  | Gained mutation: Your body often deteriorates upon taking damage. [a neqoxec]
 63297 | Depths:4 | Escaped the Abyss
 63875 | Zot:1    | Entered Level 1 of the Realm of Zot
 64987 | Zot:2    | Reached skill level 27 in Shields
 64988 | Zot:2    | Reached skill level 1 in Dodging
 64993 | Zot:2    | Reached skill level 1 in Spellcasting
 66023 | Zot:2    | Reached skill level 5 in Dodging
 66610 | Zot:2    | Reached skill level 5 in Spellcasting
 67911 | Zot:5    | Entered Level 5 of the Realm of Zot
 68345 | Zot:5    | Noticed an ancient lich
 68356 | Zot:5    | Killed an ancient lich
 68372 | Zot:5    | Noticed an orb of fire
 68379 | Zot:5    | Gained mutation: You are clumsy. (Dex -2) [an orb of fire]
 68388 | Zot:5    | Killed an orb of fire
 68859 | Zot:5    | Noticed an ancient lich
 68869 | Zot:5    | Killed an ancient lich
 68869 | Zot:5    | Reached skill level 10 in Dodging
 68924 | Zot:5    | Noticed an ancient lich
 68932 | Zot:5    | Noticed an ancient lich
 68933 | Zot:5    | Noticed an orb of fire
 68933 | Zot:5    | Noticed an orb of fire
 68934 | Zot:5    | Gained mutation: You are weak. (Str -2) [an orb of fire]
 68935 | Zot:5    | Noticed an orb of fire
 68953 | Zot:5    | Noticed an orb of fire
 68959 | Zot:5    | Killed an ancient lich
 68961 | Zot:5    | Gained mutation: Your spells are easier to cast, but less powerful. [an orb of fire]
 68963 | Zot:5    | Gained mutation: You are occasionally teleported to nearby monsters. [an orb of fire]
 68971 | Zot:5    | Killed an orb of fire
 68971 | Zot:5    | Reached skill level 10 in Spellcasting
 69039 | Zot:5    | Noticed an ancient lich
 69040 | Zot:5    | Noticed an orb of fire
 69043 | Zot:5    | Gained mutation: Armour fits poorly on your strangely shaped body. [an orb of fire]
 69071 | Zot:5    | Killed an ancient lich
 69553 | Zot:5    | Gained mutation: Your magical capacity is low (-10% MP). [an orb of fire]
 69556 | Zot:5    | Gained mutation: You are very clumsy. (Dex -4) [an orb of fire]
 69560 | Zot:5    | Killed an orb of fire
 69560 | Zot:5    | Reached skill level 1 in Hexes
 69560 | Zot:5    | Reached skill level 1 in Charms
 69605 | Zot:5    | Reached skill level 1 in Necromancy
 69725 | Zot:5    | Gained mutation: Scrolls take you longer to read. [an orb of fire]
 69727 | Zot:5    | Gained mutation: You are dopey. (Int -2) [an orb of fire]
 69730 | Zot:5    | Gained mutation: You are frail (-10% HP). [an orb of fire]
 69731 | Zot:5    | Killed an orb of fire
 69758 | Zot:5    | Noticed an ancient lich
 69764 | Zot:5    | Killed an orb of fire
 69771 | Zot:5    | Killed an ancient lich
 69837 | Zot:5    | Gained mutation: You sometimes yell uncontrollably at your foes. [an orb of fire]
 69840 | Zot:5    | Gained mutation: Potions and wands are less effective at restoring your health. [an orb of fire]
 69848 | Zot:5    | Killed an orb of fire
 69848 | Zot:5    | Reached skill level 5 in Hexes
 69856 | Zot:5    | Killed an ancient lich
 69877 | Zot:5    | Got the Orb of Zot
 69901 | Zot:5    | Noticed Edghigrypp the pandemonium lord
 69909 | Zot:5    | Reached skill level 5 in Charms
 69915 | Zot:5    | Killed Edghigrypp the pandemonium lord
 69915 | Zot:5    | Reached skill level 5 in Necromancy
 70717 | D:$      | Escaped with the Orb!

Vault maps used:
D:1:      scummos_arrival_forest
D:2:      ecumenical_altar_2, first_bread
D:3:      grunt_dithmenos_smoke, uniq_robin
D:4:      serial_shops, nicolae_shop_waterfront, enter_ossuary_5, uniq_sigmund
D:5:      minmay_overflow_temple_star_quad, minmay_temple_entry_mist,
          serial_shops, shop_fountains, uniq_duvessa
D:6:      nicolae_overflow_hidden_temple
D:7:      corexii_shack_village, kiku_gazebo_garden_becter
D:8:      basic_altar
D:9:      statuecave_lemuel, erik_lair_dragon, david_orc_5,
          hangedman_pestilent_swarm, minmay_bad_closet
D:10:     serial_shops, nicolae_shop_crystal, uniq_joseph
D:11:     serial_glass, glass_columns_a, glass_columns_b,
          minmay_strange_pillars, item_on_display_a, feat_on_display
D:13:     david_vaults_1, enter_bailey_2, minmay_another_anthill
D:14:     lightli_corner_chamber, uniq_agnes
D:15:     grunt_enter_depths_snipers, serial_bayou_shore_b
Lair:1:   minmay_lair_venomous_thicket, special_room, columned_hall_lemuel
Lair:2:   lemuel_slime, portal_ice_cave_entry_pillars_02
Lair:3:   minmay_snake_entry_six_corridors
Lair:4:   forest_entry_grove, lemuel_fruit_fields
Lair:5:   nicolae_swamp_entry_splash_gauntlet, lab_entry_generic,
          infiniplex_staircase_pool_2, serial_bayou_shore_a
Lair:6:   slime_dummy, minmay_lindwurm_lava, lemuel_fruit_tree,
          infiniplex_staircase_pool, uniq_kirke
Lair:8:   evilmike_catoblepas_cave, guppyfry_lair_drakes
Swamp:1:  nicolae_swamp_godswood, uniq_nikola
Swamp:2:  nicolae_swamp_round_clearing, swamp_pool4
Swamp:3:  hangedman_swamp_pad, uniq_louise
Swamp:4:  swamp_pestilence
Snake:3:  grunt_megastairs_3, serial_bayou_shore_b
Snake:4:  snake_pit
Slime:2:  basic_altar, nicolae_slime_round_cave
Slime:3:  cheibrodos_slime_lost_civilization_4
Orc:1:    uniq_nergalle
Orc:2:    basic_altar, nicolae_orc_crystal_geode, uniq_maurice, uniq_sonja
Orc:3:    nicolae_orc_pool_cavern, lightli_church_of_beogh, uniq_nessos
Orc:4:    grunt_orc_gardens, grunt_orc_garden, grunt_orc_garden,
          grunt_orc_garden, grunt_orc_garden
Elf:1:    eino_elf_arrival_sip, evilmike_minifort, spider_trap, minivault_5,
          minivault_5
Elf:2:    grunt_ministairs_6, guppyfry_elf_altar, uniq_saint_roka
Elf:3:    elf_hall, uniq_donald, uniq_norris
Vaults:1: v_alt_pattern_4, vaults_room_grunt_arrival_ludios,
          ontoclasm_vaults_decontamination, v_rooms_3,
          ontoclasm_vaults_shuriken, hangedman_vaults_cutoff, vaults_room_grid,
          vaults_dpeg_hooks
Vaults:2: grunt_vaults_trifunnel, v_misc_29, st_squares,
          vaults_room_stairs_pillars, vaults_room_corners,
          ontoclasm_vaults_idyll, hangedman_vaults_locks,
          nicolae_vaults_little_squares_3, v_misc_26, dpeg_vaults_monster_row,
          v_alt_pattern_1, vaults_dpeg_cross
Vaults:3: vaults_room_stairs_pillars, hangedman_vaults_capsules,
          nicolae_vaults_mini_display_case, nicolae_vaults_alarming, v_misc_23,
          hangedman_vaults_stretched_pinwheel, nicolae_vaults_three_branches,
          nicolae_vaults_shelves_hall
Vaults:4: vaults_mumra_hexcomb, ontoclasm_vaults_idyll, v_misc_18,
          nicolae_vaults_stairing_the_circle, nicolae_vaults_little_squares_2,
          v_misc_12, v_misc_26, v_misc_13, hangedman_vaults_hard_town_square,
          v_pattern_3, v_misc_24, nicolae_vaults_little_squares_4,
          vaults_room_door_ring, vaults_dpeg_ring, serial_shops, shop_coins,
          uniq_wiglaf, uniq_jory
Vaults:5: serial_shops
Depths:1: grunt_metal_band, hangedman_abyss_or_decor_stabs,
          hangedman_corner_corridor
Depths:2: hangedman_cross_cluster, hell_entry, ashenzari_altar_1,
          hangedman_abyss_entry_splay, st_stairs_3
Depths:3: minmay_bad_star, grunt_decor_arrowhead, hell_entry,
          rand_demon_pan_entry_4, uniq_boris
Depths:4: grunt_crosshair, abyss_entry, grunt_pan_entry_zigzag,
          kennysheep_decorative_pillar, hangedman_geh_valley, serial_shops,
          shop, minmay_staircase_statues
Depths:5: grunt_x_marks_the_spot, enter_ziggurat_d,
          hangedman_abyss_or_decor_passed, hangedman_tar_grid_catacomb,
          feat_on_display
Zot:1:    basic_loot_grate_trap, grunt_megastairs_4
Zot:2:    grunt_ministairs_15, zot_minivault_2, basic_stair_grate_trap
Zot:4:    hangedman_zot_decor_scrapings
Abyss:1:  evilmike_abyss_exit_11
Abyss:2:  minivault_25, minivault_28
Lab:      labyrinth_hidden_loot, nicolae_lab_dead_end, nicolae_lab_plus,
          labyrinth_glass_2, labyrinth_skeletal_remains, nicolae_lab_x,
          nicolae_lab_grate_2
Ossuary:  ossuary_tomb_1
Bailey:   bailey_polearm_4, bailey
IceCv:    ice_cave_statue_garden_01

Action                   |  1- 3 |  4- 6 |  7- 9 | 10-12 | 13-15 | 16-18 | 19-21 | 22-24 | 25-27 || total
-------------------------+-------+-------+-------+-------+-------+-------+-------+-------+-------++-------
Melee: War axe           |   107 |   297 |   562 |   180 |       |       |  1241 |  1421 |   670 ||  4478
       Broad axe         |       |       |       |   599 |  1024 |  1197 |   561 |       |  1577 ||  4958
 Cast: Regeneration      |       |       |       |       |       |       |       |       |     6 ||     6
       Spectral Weapon   |       |       |       |       |       |       |       |       |     5 ||     5
       Infusion          |       |       |       |       |       |       |       |       |     2 ||     2
 Abil: Breathe Fire      |       |       |       |     1 |     2 |       |       |       |       ||     3
       Blink             |       |       |       |       |     6 |     1 |       |     4 |     3 ||    14
       Evoke Blink       |       |       |       |       |       |       |       |       |     4 ||     4
Evoke: Wand              |       |       |       |     6 |    22 |    13 |     3 |     2 |     3 ||    49
       Deck              |       |       |       |       |     5 |     1 |       |       |       ||     6
  Use: Potion            |       |     6 |       |     7 |     2 |     4 |     6 |    14 |    23 ||    62
       Scroll            |       |     7 |     6 |     8 |    14 |    15 |    12 |     8 |    13 ||    83
 Stab: Invisible         |       |       |       |     1 |       |       |       |       |    19 ||    20
       Distracted        |       |       |       |       |       |       |       |       |    25 ||    25
       Petrifying        |       |       |       |       |       |       |       |       |     1 ||     1
  Eat: Chunk             |       |     7 |    19 |    25 |    30 |    29 |    37 |    30 |   128 ||   305
       Fruit             |       |       |     2 |       |       |     7 |     5 |    10 |     6 ||    30
       Royal jelly       |       |       |       |       |       |       |       |       |     1 ||     1
       Meat ration       |       |       |       |       |       |       |       |       |     1 ||     1
